 Dungeon Crawl Stone Soup version 0.29.0 (webtiles) character file.

Game seed: 7275925703858258668

241 Ragain the Chopper (level 6, -2/82 HPs)
             Began as a Hill Orc Berserker on Aug 24, 2022.
             Was a Believer of Trog.
             Splashed by a jelly's acid (4 damage)
             ... in a sewer.
             The game lasted 00:11:39 (4015 turns).

Ragain the Chopper (Hill Orc Berserker)             Turns: 4015, Time: 00:11:40

Health: -2/82      AC: -6    Str: 20    XL:     6   Next: 8%
Magic:  6/6        EV:  8    Int: 13    God:    Trog [**....]
Gold:   131        SH:  0    Dex: 12    Spells: 5/5 levels left

rFire   . . .      SeeInvis .   a - +0 hand axe
rCold   . . .      Faith    .   (no shield)
rNeg    . . .      Spirit   .   b - +0 ring mail
rPois   .          Reflect  .   (no helmet)
rElec   .          Harm     .   (no cloak)
rCorr   .          Rampage  .   (no gloves)
Will    ++...                   (no boots)
Stlth   ..........              (no amulet)
HPRegen 1.23/turn               i - +6 ring of intelligence
MPRegen 0.10/turn               (no ring)

@: berserking, strong-willed, corroded, regenerating, constricted, slow
A: no striking features
a: Renounce Religion, Berserk, Trog's Hand


You were in a sewer.
You worshipped Trog.
Trog was pleased with you.
You visited 1 branch of the dungeon, and saw 4 of its levels.
You also visited: Sewer.

You collected 131 gold pieces.

Inventory:

Hand Weapons
 a - a +0 hand axe (weapon)
Armour
 b - a +0 ring mail (worn)
Jewellery
 i - a +6 ring of intelligence (left hand)
Wands
 r - a wand of acid (11)
Scrolls
 d - 2 scrolls of magic mapping {unknown}
 f - 3 scrolls of fear {unknown}
 g - 2 scrolls of amnesia {unknown}
 k - a scroll of identify {unknown}
 l - a scroll of butterflies {unknown}
 m - a scroll of blinking {unknown}
 o - a scroll of immolation {unknown}
 p - a scroll of teleportation {unknown}
 q - a scroll of poison {unknown}
Potions
 c - 2 potions of cancellation {unknown}
 e - a potion of invisibility {unknown}
 h - 3 potions of curing {unknown}
 j - a potion of attraction {unknown}
 n - a potion of lignification {unknown}
 s - a potion of might {unknown}
 t - a potion of mutation {unknown}


   Skills:
 * Level 4.8 Fighting
 * Level 6.3 Axes
 * Level 3.9 Armour
 * Level 2.1 Dodging
 + Level 0.2 Stealth


You had 5 spell levels left.
You didn't know any spells.
Your spell library was empty.

Dungeon Overview and Level Annotations

Branches:
Dungeon (4/15)              Sewer (1/1)
 Temple: D:4-7

Altars:
Cheibriados
Uskayaw


Message History

You feel strong-willed. The ball python completely misses you.
The endoplasm hits you but does no damage.
The jelly barely misses you. The ball python bites you.
The ball python constricts you.
You barely miss the ball python.
The ball python is heavily wounded.
You hit the endoplasm.
You kill the endoplasm!
Trog accepts your kill.
You hit the jelly.
Your hands burn!
You barely miss the ball python.
The ball python barely misses you. x2; The ball python constricts you.
The jelly hits you. The acid corrodes you!
You are splashed with acid!
* * * LOW HITPOINT WARNING * * *
The ball python closely misses you.
A red film seems to cover your vision as you go berserk!
You feel yourself moving faster!
You feel mighty! The ball python bites you.
* * * LOW HITPOINT WARNING * * *
The ball python constricts you.
* * * LOW HITPOINT WARNING * * *
The jelly hits you.
* * * LOW HITPOINT WARNING * * *
The acid corrodes you!
You are splashed with acid!
* * * LOW HITPOINT WARNING * * *
The ball python bites you.
* * * LOW HITPOINT WARNING * * *
You hit the jelly but do no damage.
Your hands burn!
* * * LOW HITPOINT WARNING * * *
The jelly is moderately wounded.
You hit the ball python. You hit the endoplasm. You hit the ball python.
You kill the ball python!
Trog accepts your kill. The endoplasm freezes you.
You are frozen.
* * * LOW HITPOINT WARNING * * *
The jelly misses you. The ball python misses you. The ball python grabs you.
The ball python constricts you.
* * * LOW HITPOINT WARNING * * *
You hit the jelly but do no damage.
Your hands burn!
You die...

~.~~.##~~~.###
#...~...##~!
##....~##...
?.##...~# ~.##
..~~....##.~~##
#.~..~~.~##~..#
..~~..~#.~.#~..#
~~~#...##~~S.J#
####~~# ##~J@##
#~.~ ##### .~~.#
~.~#


You could see a jelly, an endoplasm and a ball python.

Vanquished Creatures
  Natasha (thrice) (D:3)
  Ijyb (D:3)
  6 adders
  2 worms (D:4)
  2 dart slugs
  An orc (D:3)
  13 endoplasms
  5 giant cockroaches
  5 goblins
  5 hobgoblins
  6 kobolds
  8 ball pythons
  6 bats
  6 frilled lizards
  8 rats
77 creatures vanquished.

Vanquished Creatures (others)
  3 plants (D:3)
3 creatures vanquished.

Grand Total: 80 creatures vanquished

Notes
Turn   | Place    | Note
-------+----------+-------------------------------------------
     0 | D:1      | Ragain the Hill Orc Berserker began the quest for the Orb.
     0 | D:1      | Reached XP level 1. HP: 19/19 MP: 1/1
   339 | D:1      | Reached XP level 2. HP: 27/27 MP: 2/2
   503 | D:1      | You fall into a shaft and drop 1 floor!
   651 | D:2      | Reached XP level 3. HP: 32/33 MP: 3/3
   687 | D:2      | Reached skill level 5 in Axes
  1796 | D:1      | Reached ** piety under Trog
  2026 | D:1      | Found a faded altar of an unknown god.
  2174 | D:3      | Found a snail-covered altar of Cheibriados.
  2174 | D:3      | Found a hide-covered altar of Uskayaw.
  2281 | D:3      | Reached XP level 4. HP: 36/41 MP: 4/4
  2438 | D:3      | Noticed Ijyb
  2448 | D:3      | Killed Ijyb
  2758 | D:3      | Noticed Natasha
  2777 | D:3      | Killed Natasha
  2778 | D:3      | Reached skill level 6 in Axes
  2778 | D:3      | Reached XP level 5. HP: 47/47 MP: 5/5
  3059 | D:3      | Noticed Natasha
  3076 | D:3      | Killed Natasha
  3157 | D:3      | Noticed Natasha
  3165 | D:3      | Killed Natasha
  3630 | D:4      | Found a glowing drain.
  3651 | Sewer    | Entered a sewer
  3789 | Sewer    | Reached XP level 6. HP: 46/55 MP: 6/6
  4014 | Sewer    | HP: 3/82 [frozen (3)]
  4015 | Sewer    | Splashed by a jelly's acid

Illustrated notes

Levels and vault maps discovered:
D:1:      roderic_dead_forest, layout_basic, chequers_ecumenical_altar_twisty
D:2:      layout_basic, chequers_serial_rivers_small_b,
          kennysheep_generic_room_13
D:3:      layout_basic, chequers_temple_overflow_statue_of_worship,
          corexii_corridor_pit, corexii_shack, uniq_ijyb, uniq_natasha
D:4:      nicolae_cairo_tiling, layout_basic, cheibrodos_sewer_entry_bend,
          kennysheep_crisscross
Sewer:    sewer_hellmonk_slimy_pipes

Skill      XL: |  1  2  3  4  5 |
---------------+----------------+-----
Fighting       | 4 |  4.8
Axes           | 5 6 |  6.3
Dodging        | 2 |  2.1
Armour         | 3 |  3.9
Stealth        | |  0.2

Action                   |  1- 3 |  4- 6 || total
-------------------------+-------+-------++-------
Melee: Hand axe          |   101 |   168 ||   269
       Punch             |     2 |     1 ||     3
Invok: Berserk           |       |     4 ||     4
       Trog's Hand       |       |     1 ||     1
Armor: Animal skin       |    18 |       ||    18
       Ring mail         |    23 |    50 ||    73
Dodge: Dodged            |    80 |   110 ||   190
